 Seeded DCSS version 0.29.1-1-gd02db6906a (webtiles) character file.

Game seed: 1 (custom seed)

4 ohmi the Shield-Bearer (level 1, 13/17 HPs)
             Began as a Gnoll Wanderer on Sept 23, 2022.
             Quit the game on level 1 of the Dungeon.
             The game lasted 00:02:09 (88 turns).

ohmi the Shield-Bearer (Gnoll Wanderer)               Turns: 88, Time: 00:02:10

Health: 13/17      AC:  5    Str: 13    XL:     1   Next: 60%
Magic:  4/4        EV: 13    Int:  8    God:
Gold:   41         SH:  5    Dex: 12    Spells: 5/5 levels left

rFire   . . .      SeeInvis .   a - +0 hand axe
rCold   . . .      Faith    .   c - +0 buckler
rNeg    . . .      Spirit   .   b - +2 leather armour
rPois   .          Reflect  .   (no helmet)
rElec   .          Harm     .   (no cloak)
rCorr   .          Rampage  .   (no gloves)
Will    .....                   (no boots)
Stlth   +.........              (no amulet)
HPRegen 0.05/turn               (no ring)
MPRegen 0.09/turn               (no ring)

@: no status effects
A: fangs 1, strong nose, distributed training
a: no special abilities


You were on level 1 of the Dungeon.
You visited 1 branch of the dungeon, and saw 1 of its levels.

You collected 41 gold pieces.

Inventory:

Hand Weapons
 a - a +0 hand axe (weapon)
Armour
 b - a +2 leather armour (worn)
 c - a +0 buckler (worn)
Jewellery
 e - an amulet of the acrobat
Scrolls
 d - a scroll of fog
 f - a scroll of acquirement
Potions
 g - a potion of haste {unknown}


   Skills:
 + Level 2.4 Fighting
 + Level 0.1 Short Blades
 + Level 0.1 Long Blades
 + Level 2.4 Axes
 + Level 0.1 Maces & Flails
 + Level 0.1 Polearms
 + Level 0.1 Staves
 + Level 0.1 Ranged Weapons
 + Level 0.1 Throwing
 + Level 2.4 Armour
 + Level 6.4 Dodging
 + Level 0.1 Stealth
 + Level 6.4 Shields
 + Level 0.1 Unarmed Combat
 + Level 2.6 Spellcasting
 + Level 0.1 Conjurations
 + Level 0.1 Hexes
 + Level 0.1 Summonings
 + Level 0.1 Necromancy
 + Level 0.1 Translocations
 + Level 0.1 Transmutations
 + Level 0.1 Fire Magic
 + Level 0.1 Ice Magic
 + Level 0.1 Air Magic
 + Level 0.1 Earth Magic
 + Level 0.1 Poison Magic
 + Level 0.2 Invocations
 + Level 0.1 Evocations


You had 5 spell levels left.
You didn't know any spells.
Your spell library was empty.

Dungeon Overview and Level Annotations

Branches:
Dungeon (1/15)

Altars:


Innate Abilities, Weirdness & Mutations

You have very sharp teeth.
Your uncanny sense of smell can sniff out nearby items.
Your experience applies equally to all skills.


Message History

You hit the goblin but do no damage. The bat closely misses you.
The goblin hits you but does no damage.
You closely miss the goblin. Your bite misses the goblin.
The bat closely misses you. The goblin hits you with a +0 dagger.
You hit the goblin.
The goblin is severely wounded.
You barely miss the rat. You block the bat's attack. The rat misses you.
The goblin completely misses you.
You hit the goblin.
You kill the goblin!
You hit the rat.
You kill the rat!
The bat barely misses you. The bat hits you but does no damage.
You see here a rat corpse.
You hit the bat.
You kill the bat!
This is a scroll of acquirement!
Okay, then.
You see here a +0 dagger.
g - an inky potion A goblin comes into view.
It is wielding a +0 dagger.
Found 25 gold pieces.
The goblin shouts!
You barely miss the goblin. You bite the goblin.
The goblin is moderately wounded.
The goblin hits you but does no damage.
You hit the goblin. You bite the goblin, but do no damage.
The goblin is severely wounded.
The goblin barely misses you.
You barely miss the goblin.
The goblin is severely wounded.
The goblin hits you but does no damage. You block the goblin's attack.
You hit the goblin.
You kill the goblin!
Things that are here:
a +0 dagger; a goblin corpse You now have 27 gold pieces (gained 11).
You now have 41 gold pieces (gained 14).
Are you sure you want to abandon this character and quit the game? (Confirm with "yes".)

......#...#.#.......##....#
.####.#..)#.#..#....##....#
#...#.†.#.........##......
.......†+.........##.......
........##..).....# .......
......####........# ......#
#....##### ...... #....#
...... #.@..# .....
+.....### .... #####.# #..
###


There were no monsters in sight!

Vanquished Creatures
  2 goblins (D:1)
  A bat (D:1)
  A rat (D:1)
4 creatures vanquished.

Notes
Turn   | Place    | Note
-------+----------+-------------------------------------------
     0 | D:1      | ohmi the Gnoll Wanderer began the quest for the Orb.
     0 | D:1      | ohmi set off with the following items: a +0 hand axe, a +2
                  | leather armour, a +0 buckler, a scroll of fog.
     0 | D:1      | Reached XP level 1. HP: 17/17 MP: 4/4
    59 | D:1      | Identified a scroll of acquirement
    88 | D:1      | Quit the game

Illustrated notes

Levels and vault maps discovered:
D:1:      dpeg_arrival_three_smaller_balls, layout_basic

Action                   || total
-------------------------++-------
Melee: Hand axe          ||    20
       Bite              ||     2
Armor: Leather armour    ||    16
Dodge: Dodged            ||    27
Block: Buckler           ||     7
